cohdb
Replays
Latest Replays
All Replays
Popular Replays
Top Player Replays
Match Explorer
How It Works
Community
CoH3 Stats
Reddit
Sign in to upload your games and track your stats! →
Sign in with Steam
Match 47191528
Unlisted
Match 47191528
Overview
Messages
Build Orders
End
Panzergrenadier Squad
Panzergrenadier Squad
Construct Light Support Kompanie
Combat Half-tracks
Fire Support Elements
2.5-tonne Medical Truck
le.IG 18 Mechanized Group
Veteran Squad Leaders
Construct Panzerarmee Kommand
Selects Panzerjäger Kommand Battlegroup
Selects Mine Fields
Selects Tank Busters
Selects Crew Shock Tactics
Walking Stuka Rocket Launcher
Walking Stuka Rocket Launcher
Construct Mechanized Kompanie
Armored Reserves
ProudKraut
Blackmilk
torge
DornierDo-335Pfeil
Friendly Bear
Serial Chiller
★SⒸUMMㄚ DⓐN★
Pred
0
0
Comments
sign in to comment!
No comments posted yet!